 Dungeon Crawl Stone Soup version 0.27.1-1-g398f81649c (webtiles) character file.

Game seed: 7559148686683527197

12493 ABBCCCDDDD the Fighter (level 11, -2/81 HPs)
             Began as an Octopode Monk on Sept 17, 2021.
             Was an Initiate of Gozag.
             Slain by a cane toad (19 damage)
             ... on level 1 of the Lair of Beasts.
             The game lasted 00:35:18 (19021 turns).

ABBCCCDDDD the Fighter (Octopode Monk)             Turns: 19021, Time: 00:35:18

Health: -2/81      AC:  1    Str: 10    XL:     11   Next: 94%
Magic:  21/21      EV: 14    Int: 20    God:    Gozag
Gold:   1582       SH:  5    Dex: 15    Spells: 12/24 levels left

rFire    + . .     SeeInvis .   a - +4 hunting sling "Tiucox" {venom, *Corrode rElec rF+ Int+4}
rCold    . . .     Faith    .   p - +0 buckler {rPois}
rNeg     . . .     Spirit   .   (helmet restricted)
rPois    +         Reflect  .   (no amulet)
rElec    +         Harm     .   (no ring)
rCorr    .         Rampage  .   (no ring)
Will     .....                  (no ring)
Stlth    +++.......             (no ring)
HPRegen  0.23/turn              (no ring)
MPRegen  0.17/turn              (no ring)
                                (no ring)
                                (no ring)

@: no status effects
A: almost no armour, amphibious, 8 rings, camouflage 1, gelatinous body 1,
(nimble swimmer 1), tentacles
a: Renounce Religion, Potion Petition, Call Merchant, Bribe Branch


You were on level 1 of the Lair of Beasts.
You worshipped Gozag.
Gozag was most pleased with you.
You visited 4 branches of the dungeon, and saw 14 of its levels.

You collected 1678 gold pieces.
You spent 96 gold pieces at shops.

Inventory:

Hand Weapons
 a - the +4 hunting sling "Tiucox" (weapon) {venom, *Corrode rElec rF+ Int+4}
   (You found it on level 7 of the Dungeon)

   Any ammunition fired from it poisons the flesh of those it strikes.
   Int:       It affects your intelligence (+4).
   rF:        It protects you from fire.
   rElec:     It insulates you from electricity.
   *Corrode:  It may corrode you when you take damage.
 g - a +0 glaive
Missiles
 n - 18 poisoned darts
 w - 103 stones (quivered ammo)
 E - 2 throwing nets
 G - 5 curare-tipped darts
Armour
 p - a +0 buckler of poison resistance (worn)
 q - a +0 kite shield
Wands
 h - a wand of flame (19)
 r - a wand of paralysis (4)
 x - a wand of acid (10)
 D - a wand of iceblast (8)
Scrolls
 b - a scroll of vulnerability
 d - a scroll of summoning
 j - 3 scrolls of fear
 k - 3 scrolls of amnesia
 m - a scroll of fog
 o - 3 scrolls of magic mapping
 t - a scroll of holy word
 u - 2 scrolls of enchant armour
 y - a scroll of immolation {unknown}
 I - a scroll of teleportation
Potions
 c - 7 potions of curing
 e - 4 potions of heal wounds
 f - 2 potions of lignification {unknown}
 i - 2 potions of cancellation {unknown}
 l - 2 potions of brilliance {unknown}
 s - a potion of haste {unknown}
 v - a potion of ambrosia {unknown}
 z - a potion of resistance {unknown}
 A - a potion of might {unknown}
 B - a potion of flight {unknown}
 C - a potion of berserk rage {unknown}
 F - a potion of degeneration {unknown}
Miscellaneous
 H - a box of beasts (inert)


   Skills:
 + Level 9.9 Fighting
 - Level 5.0 Slings
 - Level 3.8 Dodging
 - Level 2.6 Stealth
 - Level 4.0 Shields
 - Level 5.0 Unarmed Combat
 - Level 7.0 Spellcasting
 + Level 5.8 Transmutations
 - Level 3.0 Fire Magic
 - Level 4.0 Air Magic
 + Level 7.9 Poison Magic
 - Level 6.0 Evocations


You had 12 spell levels left.
You knew the following spells:

 Your Spells              Type           Power      Damage    Failure   Level
a - Spider Form           Tmut/Pois      17%        N/A       1%          3
b - Mephitic Cloud        Conj/Pois/Air  22%        N/A       5%          3
c - Swiftness             Air            23%        N/A       5%          3
d - Ignite Poison         Fire/Tmut/Pois 29%        N/A       2%          3

Your spell library contained the following spells:

 Spells                   Type           Power      Damage    Failure   Level
 Beastly Appendage        Tmut           60%        N/A       1%          1
 Wereblood                Tmut           30%        N/A       1%          2
 Passwall                 Tmut/Erth      15%        N/A       4%          2
 Corona                   Hex            7%         N/A       10%         1
 Magic Dart               Conj           28%        1d4       10%         1
 Call Imp                 Summ           7%         N/A       14%         2
 Ensorcelled Hibernation  Hex/Ice        14%        N/A       14%         2
 Inner Flame              Hex/Fire       13%        N/A       16%         3
 Tukima's Dance           Hex            7%         N/A       28%         3
 Animate Dead             Necr           3%         N/A       67%         4
 Cause Fear               Hex            3%         N/A       67%         4
 Passage of Golubria      Tloc           N/A        N/A       67%         4
 Silence                  Hex/Air        7%         N/A       75%         5
 Bolt of Magma            Conj/Fire/Erth 5%         4d5       86%         5
 Iskenderun's Battlesphe  Conj           7%         2d6       95%         5
 Invisibility             Hex            3%         N/A       100%        6
 Iron Shot                Conj/Erth      3%         9d2       100%        6
 Haunt                    Necr/Summ      3%         N/A       100%        7
 Spellforged Servitor     Conj/Summ      3%         N/A       100%        7
 Discord                  Hex            3%         N/A       100%        8
 Infestation              Necr           3%         N/A       100%        8
 Lehudib's Crystal Spear  Conj/Erth      3%         10d3      100%        8


Dungeon Overview and Level Annotations

Branches:
Dungeon (11/15)            Temple (1/1) D:6            Lair (1/6) D:10
    Orc (1/2) D:9

Altars:
Ashenzari
Cheibriados
Dithmenos
Elyvilon
Fedhas
Gozag
Hepliaklqana
Kikubaaqudgha
Makhleb
Nemelex Xobeh
Okawaru
Ru
Sif Muna
Wu Jian
Xom
The Shining One
Beogh

Shops:
D:1 !

Annotations:
D:3 Grinder
D:6 Menkaure
D:8 exclusion: downstairs


Innate Abilities, Weirdness & Mutations

You cannot wear most types of armour.
You are amphibious.
You can wear up to eight rings at the same time.
Your skin changes colour to match your surroundings (Stealth+).
Your rubbery body absorbs attacks. (AC +1, EV +1)
((You are camouflaged near water. (Stealth+)))
You have tentacles for arms and can constrict up to eight enemies at once.


Message History

Found a scroll of teleportation.
I - a scroll of teleportation
Found 25 gold pieces.
You now have 1582 gold pieces (gained 25).
A cane toad comes into view.
You shoot a stone.
The stone hits the cane toad but does no damage.
The cane toad croaks.
You shoot a stone. The stone barely misses the cane toad.
You shoot a stone. The stone hits the cane toad.
The cane toad is poisoned.
The cane toad is lightly wounded.
You shoot a stone. The stone hits the cane toad.
The cane toad is moderately wounded.
You shoot a stone.
The stone hits the cane toad but does no damage.
The cane toad is moderately wounded.
You shoot a stone. The stone barely misses the cane toad.
The cane toad misses you.
You shoot a stone. The stone hits the cane toad.
The cane toad is moderately wounded.
The cane toad misses you. The cane toad barely misses you.
You shoot a stone.
The stone completely misses the cane toad.
The cane toad stings you!!
You shoot a stone. The stone barely misses the cane toad.
The cane toad misses you.
You shoot a stone.
The stone hits the cane toad but does no damage.
The cane toad is heavily wounded.
The cane toad stings you!
You shoot a stone. The stone hits the cane toad.
The cane toad is heavily wounded.
The cane toad stings you!! The cane toad stings you!
* * * LOW HITPOINT WARNING * * *
You are lethally poisoned!
The cane toad poisons you!
You feel better. The cane toad stings you!!
You die...
Your body crumbles into a pile of gold.

#.# #.# #(#
#(# #(##
##(.# #P.#
##F# . ##@#
..######P.#
..........#
..........#
..........#
...
..........#
..
#.........#
.#
#.........#
.#
#.........#


You could see a cane toad (very poisoned).

Levels and vault maps discovered:
D:1:      lightli_arrival_maybe_door_vault, layout_loops_corners, serial_shops,
          nicolae_shop_trees
D:2:      layout_basic, hellmonk_ecumenical_altar_defaced_shrine
D:3:      layout_basic, serial_undead, serial_undead_a, serial_undead_c,
          serial_undead_d, serial_undead_b, amcnicky_mini_pool_small,
          kennysheep_another_room, minmay_joined_circles, uniq_jessica,
          uniq_grinder
D:4:      layout_rooms, grunt_decor_one_mirror, hangedman_decor_diamond_cutter,
          minmay_misc_feat_five
D:5:      layout_basic
D:6:      layout_loops_ring, minmay_temple_entry_offerings, uniq_eustachio,
          uniq_menkaure
D:7:      layout_rooms
D:8:      layout_rooms, mainiacjoe_overflow_six_doors_small,
          hangedman_abyss_or_decor_slice, sigmund_army, uniq_maurice,
          uniq_harold
D:9:      layout_basic, orc_0_dummy, minmay_misc_feat_four_crosses
D:10:     layout_irregular_city, due_lair_maze_entry_diamond, uniq_sonja
D:11:     layout_gridville, billiards_dpeg
Temple:   compressed_dpeg_triangle_lava_temple
Lair:1:   layout_chaotic_city, lemuel_old_faithful
Orc:1:    layout_caves, serial_shops, shop_fountains, nicolae_orc_bridge_out

Notes
Turn   | Place    | Note
-------+----------+-------------------------------------------
     0 | D:1      | ABBCCCDDDD the Octopode Monk began the quest for the Orb.
     0 | D:1      | Reached XP level 1. HP: 16/16 MP: 1/1
   402 | D:1      | Reached XP level 2. HP: 21/21 MP: 2/2
   423 | D:1      | Found Fabrasank's Distillery.
  1740 | D:2      | Reached XP level 3. HP: 19/26 MP: 3/3
  2688 | D:2      | Found a faded altar of an unknown god.
  2907 | D:3      | Reached XP level 4. HP: 32/33 MP: 4/4
  3501 | D:3      | Noticed Grinder
  3665 | D:1      | Bought a potion of curing for 36 gold pieces
  3665 | D:1      | Bought a potion of heal wounds for 60 gold pieces
  3856 | D:3      | Reached skill level 4 in Fighting
  3856 | D:3      | Reached XP level 5. HP: 31/37 MP: 5/5
  3887 | D:3      | Noticed Jessica
  3897 | D:3      | Killed Jessica
  4024 | D:3      | Paralysed by Grinder for 3 turns
  4516 | D:4      | Learned a level 3 spell: Spider Form
  4546 | D:4      | Reached XP level 6. HP: 31/44 MP: 6/6
  4655 | D:4      | Noticed a black bear
  5039 | D:4      | Reached skill level 1 in Transmutations
  5039 | D:4      | Reached skill level 1 in Poison Magic
  5196 | D:5      | Entered Level 5 of the Dungeon
  5593 | D:5      | Reached skill level 1 in Spellcasting
  5734 | D:5      | Reached skill level 5 in Fighting
  5734 | D:5      | Reached skill level 5 in Unarmed Combat
  5734 | D:5      | Reached XP level 7. HP: 50/50 MP: 8/8
  6413 | D:6      | Noticed Menkaure
  6643 | D:6      | Found a staircase to the Ecumenical Temple.
  6660 | Temple   | Entered the Ecumenical Temple
  6695 | Temple   | Became a worshipper of Gozag Ym Sagoz the Greedy
  6720 | D:6      | Learned a level 3 spell: Mephitic Cloud
  6878 | D:6      | Reached skill level 1 in Evocations
  7120 | D:6      | Identified a scroll of acquirement
  7121 | D:6      | Acquired a +0 buckler of poison resistance
  7133 | D:6      | Noticed Eustachio
  7450 | D:6      | Reached skill level 1 in Shields
  7450 | D:6      | Reached XP level 8. HP: 35/55 MP: 11/11
  7995 | D:7      | Identified the +4 hunting sling "Tiucox" {venom, *Corrode
                  | rElec rF+ Int+4}
  8709 | D:7      | Reached skill level 5 in Poison Magic
  8945 | D:7      | Learned a level 3 spell: Swiftness
  8958 | D:7      | Noticed a wyvern
  8965 | D:7      | Killed a wyvern
  8982 | D:8      | Noticed Maurice
  9105 | D:8      | Reached skill level 1 in Slings
  9105 | D:8      | Reached skill level 1 in Air Magic
  9105 | D:8      | Reached XP level 9. HP: 24/61 MP: 12/12
  9761 | D:8      | Found a shimmering blue altar of Sif Muna.
 11375 | D:6      | Killed Eustachio
 11401 | D:6      | Reached skill level 5 in Evocations
 12992 | D:8      | Killed Maurice
 13017 | D:8      | Noticed Harold
 13351 | D:8      | Reached XP level 10. HP: 37/66 MP: 16/16
 13739 | D:9      | Found a staircase to the Orcish Mines.
 13839 | D:9      | Reached skill level 5 in Slings
 13839 | D:9      | Reached skill level 5 in Spellcasting
 14485 | D:10     | Entered Level 10 of the Dungeon
 14636 | D:8      | Killed Harold
 14984 | D:10     | Reached skill level 6 in Fighting
 15349 | D:10     | Reached skill level 7 in Fighting
 15755 | D:10     | Reached skill level 8 in Fighting
 15767 | D:10     | Reached XP level 11. HP: 60/77 MP: 20/20
 16201 | Orc:1    | Entered Level 1 of the Orcish Mines
 16201 | Orc:1    | Noticed an orc knight
 16293 | D:10     | Noticed Sonja
 16299 | D:10     | Killed Sonja
 16344 | D:10     | Reached skill level 9 in Fighting
 16406 | D:10     | Learned a level 3 spell: Ignite Poison
 16735 | D:11     | Noticed a two-headed ogre
 16763 | D:11     | Killed a two-headed ogre
 16764 | D:11     | Reached skill level 1 in Fire Magic
 16799 | D:11     | Noticed a boulder beetle
 16821 | D:11     | Killed a boulder beetle
 17514 | D:11     | Noticed a two-headed ogre
 17532 | D:11     | Killed a two-headed ogre
 17783 | D:10     | Reached skill level 5 in Transmutations
 18387 | D:10     | Found a staircase to the Lair.
 18397 | Lair:1   | Entered Level 1 of the Lair of Beasts
 19021 | Lair:1   | Slain by a cane toad

Table legend: (Time is in decaauts)
 A = Elapsed time spent in this place.
 B = Non-inter-level travel time spent in this place.
 C = Inter-level travel time spent in this place.
 D = Time resting spent in this place.
 E = Time spent auto-exploring this place.
 F = Levels seen in this place.
 G = Mean time per level.
                   A        B        C        D        E       F      G
               +--------+--------+--------+--------+--------+-----+--------+
         Total |  18991 |  17265 |   1726 |   5930 |   7504 |  14 | 1356.5 |
       Dungeon |  18310 |  16602 |   1708 |   5589 |   7293 |  11 | 1664.5 |
        Temple |     54 |     36 |     18 |      0 |     22 |   1 |   54.0 |
          Lair |    620 |    620 |      0 |    341 |    189 |   1 |  620.0 |
  Orcish Mines |      5 |      5 |      0 |      0 |      0 |   1 |    5.0 |
               +--------+--------+--------+--------+--------+-----+--------+

Top non-repeatable levels by time:
     D:7: 2887 daAuts
    D:10: 2485 daAuts
     D:8: 1989 daAuts
     D:1: 1719 daAuts
     D:3: 1586 daAuts
     D:4: 1503 daAuts
     D:6: 1441 daAuts
     D:5: 1385 daAuts
     D:2: 1270 daAuts
     D:9: 1046 daAuts
    D:11: 995 daAuts
  Lair:1: 620 daAuts
  Temple: 54 daAuts
   Orc:1: 5 daAuts

Table legend:
 A = Kills in this place as a percentage of kills in entire the game.
 B = Kills by you in this place as a percentage of kills by you in the entire game.
 C = Kills by friends in this place as a percentage of kills by friends in the entire game.
 D = Other kills in this place as a percentage of other kills in the entire game.
 E = Experience gained in this place as a percentage of experience gained in the entire game.
 F = Experience gained in this place divided by the number of levels of this place that you have seen.
                   A       B       C       D       E      F
               +-------+-------+-------+-------+-------+----------------------
         Total | 100.0 | 100.0 |   N/A | 100.0 | 100.0 | 1274.9
       Dungeon |  96.3 |  96.3 |   N/A | 100.0 |  91.5 | 1484.8
          Lair |   3.7 |   3.7 |   N/A |   0.0 |   8.5 | 1515.0
               +-------+-------+-------+-------+-------+----------------------

Action                   |  1- 3 |  4- 6 |  7- 9 | 10-12 || total
-------------------------+-------+-------+-------+-------++-------
Melee: Unarmed           |    77 |   140 |   163 |    79 ||   459
       Constrict         |    18 |    42 |    29 |     7 ||    96
       Tentacles         |    15 |    26 |    41 |    16 ||    98
       Punch             |     1 |     4 |     5 |     2 ||    12
 Fire: Hunting sling     |       |       |   141 |   333 ||   474
Throw: Dart              |       |     6 |    27 |       ||    33
 Cast: Mephitic Cloud    |       |       |       |     9 ||     9
       Spider Form       |       |       |       |     2 ||     2
Evoke: Wand              |       |       |     2 |     3 ||     5
       Box of beasts     |       |       |       |     1 ||     1
  Use: Scroll            |       |     8 |     4 |     7 ||    19
       Potion            |       |       |     1 |     4 ||     5
 Stab: Sleeping          |    10 |     4 |     2 |       ||    16
       Paralysed         |       |       |     7 |       ||     7
Armor: Skin              |     1 |     7 |     7 |     6 ||    21
Dodge: Dodged            |    32 |    85 |   106 |   125 ||   348
Block: Buckler           |       |       |    27 |    36 ||    63

Vanquished Creatures
  Harold (D:8)
  A boulder beetle (D:11)
  2 two-headed ogres (D:11)
  Sonja (D:10)
  Maurice (D:8)
  A rime drake (Lair:1)
  A komodo dragon (D:11)
  A vampire (D:10)
  A wyvern (D:7)
  A steam dragon (D:8)
  4 vampire mosquitoes
  21 yaks
  Eustachio (D:6)
  A warg (D:9)
  7 water moccasins
  An ice beast (D:7)
  4 orc warriors
  5 black bears
  4 centaurs
  An ogre (D:4)
  A kobold brigand (D:10)
  A gnoll sergeant (D:8)
  5 bullfrogs
  4 scorpions
  A water moccasin zombie (D:3)
  A water moccasin skeleton (D:4)
  3 howler monkeys
  2 bullfrog zombies
  4 centaur zombies
  7 orc priests
  3 hounds
  2 bullfrog skeletons
  Jessica (D:3)
  An iguana (D:6)
  8 orc wizards
  A killer bee zombie (D:8)
  2 howler monkey zombies
  7 gnolls
  9 adders
  A shadow imp (D:8)
  2 ufetubi
  An adder zombie (D:3)
  2 worms (D:2)
  20 orcs
  4 endoplasms
  6 giant cockroaches
  A goblin (D:4)
  13 hobgoblins
  7 jackals
  2 quokkas
  7 ball pythons
  2 bats (D:3)
  3 frilled lizards
  16 kobolds
  A quokka skeleton (D:3)
  5 rats
216 creatures vanquished.

Vanquished Creatures (others)
  An orc wizard (D:8)
  An orc (D:8)
  49 fungi
  36 plants (D:10)
  2 withered plants (D:3)
89 creatures vanquished.

Grand Total: 305 creatures vanquished
